 Dungeon Crawl Stone Soup version 0.21.1-1-g345015f (webtiles) character file.

58 Krilegs the Insei (level 4, -9/28 HPs)
             Began as an Octopode Transmuter on May 7, 2018.
             Was an Initiate of Cheibriados.
             Mangled by Crazy Yiuf
             ... wielding a +3 quarterstaff of chaos
              (12 damage)
             ... on level 2 of the Dungeon.
             The game lasted 00:05:13 (2160 turns).

Krilegs the Insei (Octopode Transmuter)             Turns: 2160, Time: 00:05:17

Health: -9/28      AC:  1    Str: 11    XL:     4   Next: 2%
Magic:  1/7        EV: 13    Int: 16    God:    Cheibriados [......]
Gold:   74         SH:  0    Dex: 13    Spells: 3/7 levels left

rFire    . . .     SeeInvis .     - Unarmed
rCold    . . .     Gourm    .   (no shield)
rNeg     . . .     Faith    .   (helmet restricted)
rPois    .         Spirit   .   (no amulet)
rElec    .         Reflect  .   g - ring of stealth
rCorr    .         Harm     .   (no ring)
MR       .....                  (no ring)
Stlth    +++.......             (no ring)
HPRegen  0.09/turn              (no ring)
MPRegen  0.10/turn              (no ring)
                                (no ring)
                                (no ring)

@: appendage, drained, very slow
A: almost no armour, stealthy swim, amphibious, 8 rings, constrict 8, tentacle
spike 3, camouflage 1, gelatinous body 1
a: End Transformation, Bend Time, Renounce Religion


You were on level 2 of the Dungeon.
You worshipped Cheibriados.
Cheibriados was noncommittal.
You were hungry.
One of your tentacles had a temporary spike.
You visited 1 branch of the dungeon, and saw 2 of its levels.

You collected 74 gold pieces.

Inventory:

Missiles
 a - 28 arrows
Jewellery
 g - a ring of stealth (left tentacle)
Scrolls
 e - a scroll of fog {unknown}
 f - a scroll of identify
 h - a scroll of enchant armour {unknown}
 j - a scroll of remove curse
Potions
 d - a potion of haste {unknown}
Books
 b - a book of Changes

   Spells                             Type                      Level
   a - Beastly Appendage              Transmutation                1
   b - Sticks to Snakes               Transmutation                2
   c - Spider Form                    Transmutation/Poison         3
   d - Ice Form                       Ice/Transmutation            4
   e - Blade Hands                    Transmutation                5
Comestibles
 c - 7 rations


   Skills:
 + Level 1.2(1.0) Fighting
 + Level 2.4(2.1) Dodging
 + Level 3.6(3.3) Unarmed Combat
 + Level 2.4(2.2) Spellcasting
 + Level 2.6(2.4) Transmutations


You had 3 spell levels left.
You knew the following spells:

 Your Spells              Type           Power        Failure   Level  Hunger
a - Beastly Appendage     Tmut           #.....       8%          1    #......
b - Spider Form           Tmut/Pois      #.........   36%         3    ###....


Dungeon Overview and Level Annotations

Branches:
Dungeon (2/15)

Altars:
Cheibriados

Annotations:
D:2 Crazy Yiuf


Innate Abilities, Weirdness & Mutations

You cannot wear most types of armour.
You are very stealthy in the water. (Stealth+)
You are amphibious.
You can wear up to eight rings at the same time.
You can use your tentacles to constrict eight enemies at once.
Your skin changes colour to match your surroundings (Stealth+).
Your rubbery body absorbs attacks. (AC +1, EV +1)
One of your tentacles bears a large vicious spike.


Message History

You tentacle-slap Crazy Yiuf. You grab Crazy Yiuf.
You pierce Crazy Yiuf.
Crazy Yiuf is moderately wounded.
You constrict Crazy Yiuf, but do no damage.
Crazy Yiuf hits you with a quarterstaff of chaos.
You feel drained.
You tentacle-slap Crazy Yiuf.
Crazy Yiuf is moderately wounded.
You constrict Crazy Yiuf.
Crazy Yiuf says, "Ten!
Whiteboard ladder hand."
Crazy Yiuf closely misses you.
You barely miss Crazy Yiuf.
Crazy Yiuf is moderately wounded.
You constrict Crazy Yiuf. You tentacle-slap Crazy Yiuf.
You pierce Crazy Yiuf.
Crazy Yiuf is almost dead.
You constrict Crazy Yiuf.
Crazy Yiuf hits you with a quarterstaff of chaos!
* * * LOW HITPOINT WARNING * * *
You are electrocuted!
You die...

#>...........##.#
#...### #...
#.####.......##.#
###...# #...
###.####.......##.#
###.# #...
.......#....#######
#####...
.#####.#....#
##.... .## #.###..#
#'.... ..# #.# ##.#
##### ♣♣###.... ..#
#.####^# #)..#♣♣
♣♣........ #.#
#.#....#
#g@.'.♣♣♣♣......##.
#.# #.#.####
#...#♣..♣......###.
#.## #......#
#####♣♣♣.♣....## #.
#..#####'####
♣♣♣♣♣### #.
#...........# #.
#.###......########
#. #..........#
#.##.# #.
.(.######### #.##.#
## #..# #.##.######


You could see Crazy Yiuf.

Vanquished Creatures
  An adder (D:2)
  An ooze (D:1)
  A worm (D:2)
  A dart slug (D:2)
  4 leopard geckos (D:1)
  A ball python (D:1)
  2 giant cockroaches
  2 goblins
  A hobgoblin (D:2)
  2 jackals (D:2)
  8 kobolds
  2 quokkas (D:2)
  4 bats (D:1)
  A frilled lizard (D:1)
  2 rats
33 creatures vanquished.

Notes
Turn   | Place    | Note
-------+----------+-------------------------------------------
     0 | D:1      | Krilegs the Octopode Transmuter began the quest for the Orb.
     0 | D:1      | Reached XP level 1. HP: 13/13 MP: 3/3
   153 | D:1      | Reached XP level 2. HP: 15/18 MP: 5/5
   722 | D:1      | Reached XP level 3. HP: 14/23 MP: 6/6
  1792 | D:2      | Learned a level 3 spell: Spider Form
  1835 | D:2      | Found a snail-covered altar of Cheibriados.
  1841 | D:2      | Reached XP level 4. HP: 28/28 MP: 7/7
  1846 | D:2      | Became a worshipper of Cheibriados the Contemplative
  1871 | D:2      | Found a runed door.
  2151 | D:2      | Noticed Crazy Yiuf
  2160 | D:2      | Mangled by Crazy Yiuf

Action                   |  1- 3 |  4- 6 || total
-------------------------+-------+-------++-------
Melee: Unarmed           |    83 |     5 ||    88
       Constrict         |    19 |     1 ||    20
       Tentacles         |     9 |     1 ||    10
       Punch             |     2 |       ||     2
       Kick              |     1 |     2 ||     3
 Cast: Beastly Appendage |     9 |     1 ||    10
  Use: Scroll            |     3 |       ||     3
       Potion            |     3 |       ||     3
 Stab: Sleeping          |     7 |     1 ||     8
  Eat: Ration            |     1 |       ||     1
Armor: Skin              |    10 |       ||    10
Dodge: Dodged            |    51 |     1 ||    52
